 Dungeon Sprint DCSS version 0.27-a0-1322-gfdffb62a71 (webtiles) character file.

Game seed: 3735858305919787433

3569 mhtbhm the Bludgeoner (level 9, -5/93 HPs)
             Began as a Minotaur Monk on June 22, 2021.
             Was the Champion of Yredelemnul.
             Slain by a killer bee (8 damage)
             ... in the Dungeon (Sprint III: "The Ten Rune Challenge").
             The game lasted 00:04:42 (2788 turns).

mhtbhm the Bludgeoner (Minotaur Monk)               Turns: 2788, Time: 00:04:43

Health: -5/93      AC:  8    Str: 20    XL:     9   Next: 84%
Magic:  11/11      EV: 14    Int:  7    God:    Yredelemnul [******]
Gold:   37         SH:  0    Dex: 12    Spells: 8/8 levels left

rFire    . . .     SeeInvis .   a - +0 mace
rCold    . . .     Faith    .   (no shield)
rNeg     . . .     Spirit   .   b - +0 scale mail
rPois    .         Reflect  .   (helmet restricted)
rElec    .         Harm     .   (no cloak)
rCorr    .         Rampage  .   (no gloves)
Will     .....     NoTele   +   (no boots)
Stlth    ++........             (no amulet)
HPRegen  0.25/turn              (no ring)
MPRegen  0.12/turn              (no ring)

@: lethally poisoned (-5 -> -11), flying
A: horns 2, retaliatory headbutt
a: Renounce Religion, Recall Undead Slaves, Injury Mirror, Animate Dead, Drain
Life, Enslave Soul


You were in the Dungeon.
You worshipped Yredelemnul.
Yredelemnul was exalted by your worship.
You visited 1 branch You collected 37 gold pieces.

Inventory:

Hand Weapons
 a - a +0 mace (weapon)
Missiles
 i - 10 poisoned darts (quivered)
Armour
 b - a +0 scale mail (worn)
Scrolls
 h - a scroll of blinking
 j - 3 scrolls of immolation {unknown}
 k - 2 scrolls of fear {unknown}
Potions
 d - 5 potions of mutation {unknown}
 e - a potion of haste
 f - 2 potions of magic
 g - a potion of berserk rage
 n - a potion of might
Miscellaneous
 o - a phial of floods


   Skills:
 + Level 13.2 Fighting
 + Level 15.7 Maces & Flails
 + Level 7.4 Armour
 + Level 10.9 Dodging
 + Level 8.1 Stealth
 + Level 4.7 Invocations


You had 8 spell levels left.
You didn't know any spells.
Your spell library contained the following spells:

 Spells                   Type           Power      Damage    Failure   Level
 Beastly Appendage        Tmut           0%         N/A       75%         1
 Magic Dart               Conj           0%         1d3       75%         1
 Blink                    Tloc           N/A        N/A       87%         2
 Call Imp                 Summ           0%         N/A       87%         2
 Slow                     Hex            0%         N/A       87%         2
 Wereblood                Tmut           0%         N/A       87%         2
 Conjure Flame            Conj/Fire      0%         6-21      98%         3
 Mephitic Cloud           Conj/Pois/Air  0%         N/A       98%         3
 Spider Form              Tmut/Pois      0%         N/A       98%         3
 Ice Form                 Ice/Tmut       0%         N/A       100%        4


Dungeon Overview and Level Annotations

Branches:
Dungeon (1/1)

Altars:
Cheibriados
Dithmenos
Elyvilon
Fedhas
Gozag
Hepliaklqana
Kikubaaqudgha
Makhleb
Nemelex Xobeh
Okawaru
Qazlal
Ru
Sif Muna
Trog
Uskayaw
Vehumet
Wu Jian
Xom
Yredelemnul
Zin
The Shining One
Beogh
Jiyva
Lugonu


Innate Abilities, Weirdness & Mutations

You have a pair of horns on your head.
You reflexively headbutt those who attack you in melee.


Message History

Your vampire closely misses the killer bee.
You sock the killer bee!
The killer bee is heavily wounded.
The killer bee stings your vampire!
You bludgeon the killer bee!!
You kill the killer bee!
Yredelemnul accepts your kill.
You feel sick.
You are no longer poisoned.
Your vampire misses the killer bee. x2
Unknown command.
You hit the killer bee. Your headbutt misses the killer bee.
The killer bee is moderately wounded.
The killer bee barely misses your vampire.
Your vampire gestures at the killer bee while chanting.
The killer bee appears confused.
The killer bee misses you.
Unknown command.
You sock the killer bee!
You kill the killer bee!
Yredelemnul accepts your kill.
Your vampire closely misses the killer bee. x2
You sock the killer bee!
The killer bee is heavily wounded.
The killer bee stings you.
* * * LOW HITPOINT WARNING * * *
The killer bee barely misses you. You furiously retaliate!
You headbutt the killer bee, but do no damage.
Unknown command.
Unknown command.
It was a potion of flight.
You feel very buoyant.
You fly up into the air.
The killer bee stings you!
* * * LOW HITPOINT WARNING * * *
You are lethally poisoned!
The killer bee poisons you!
Your vampire closely misses the killer bee.
Your vampire bites the killer bee but does no damage.
The killer bee stings you!
You die...
Your body rises from the dead as a mindless zombie.

########################
#.#.#..Z).#.^..^@yyyy≈≈#
.#.##.###)#..^.zV#yyy≈≈#
.#.##.#..##.....Z#.yy≈≈≈≈
..#..##..'..^..^.#y..≈≈≈≈
▓▓▓▓▓▓▓▓▓#^......#.......
...≈≈≈...#^......#.......
≈≈≈≈≈♣♣P.'.......#.......
♣♣♣♣♣♣♣PP#..^.^^.########
♣♣♣##+######


You could see 9 killer bees, a friendly vampire, a friendly wight and the
friendly Erolcha the ogre zombie.

Vanquished Creatures
  A deep elf pyromancer (D)
  A shadow (D)
  A redback (D)
  A spatial vortex (D)
  A necrophage (D)
  3 two-headed ogres (D)
  A scorpion (D)
  A water elemental (D)
  9 killer bees (D)
  A jelly (D)
  A wizard (D)
  A necromancer (D)
  2 humans (D)
  A kobold demonologist (D)
  An endoplasm (D)
  A killer bee zombie (D)
  3 rats (D)
30 creatures vanquished.

Vanquished Creatures (collateral kills)
  Erolcha (D)
  A redback (D)
  A human (D)
  2 two-headed ogres (D)
  3 wandering mushrooms (D)
  11 killer bees (D)
19 creatures vanquished.

Vanquished Creatures (others)
  A queen bee (D)
  2 flying skulls (D)
  A wraith (D)
  A redback zombie (D)
  3 mummies (D)
  An elf zombie (D)
  3 two-headed ogre zombies (D)
  3 human zombies (D)
  4 killer bee zombies (D)
  5 plants (D)
24 creatures vanquished.

Grand Total: 73 creatures vanquished

Notes
Turn   | Place    | Note
-------+----------+-------------------------------------------
     0 | D        | mhtbhm the Minotaur Monk began the quest for the Orb.
     0 | D        | Reached XP level 1. HP: 19/19 MP: 0/0
    12 | D        | Reached skill level 4 in Maces & Flails
   132 | D        | Reached skill level 5 in Fighting
   132 | D        | Reached skill level 5 in Maces & Flails
   132 | D        | Reached XP level 2. HP: 11/29 MP: 1/1
   330 | D        | Noticed a scorpion
   336 | D        | Killed a scorpion
   337 | D        | Reached skill level 6 in Maces & Flails
   337 | D        | Reached skill level 5 in Dodging
   337 | D        | Reached XP level 3. HP: 38/38 MP: 2/2
   337 | D        | Reached XP level 4. HP: 45/45 MP: 3/3
   416 | D        | Noticed a water elemental
   423 | D        | Killed a water elemental
   424 | D        | Reached skill level 7 in Maces & Flails
   440 | D        | Found a basalt altar of Yredelemnul.
   440 | D        | Found a shadowy altar of Dithmenos.
   440 | D        | Found a sacrificial altar of Ru.
   440 | D        | Noticed a necrophage
   447 | D        | Killed a necrophage
   448 | D        | Reached skill level 9 in Maces & Flails
   448 | D        | Reached XP level 5. HP: 38/56 MP: 4/4
   486 | D        | Became a worshipper of Yredelemnul the Dark
   486 | D        | Reached * piety under Yredelemnul
   486 | D        | Reached ** piety under Yredelemnul
   669 | D        | Found a radiant altar of Vehumet.
   669 | D        | Found a shimmering blue altar of Sif Muna.
   669 | D        | Found an ancient bone altar of Kikubaaqudgha.
   685 | D        | Reached XP level 6. HP: 50/63 MP: 5/5
   919 | D        | Noticed a shadow
   928 | D        | Killed a shadow
   929 | D        | Reached skill level 10 in Maces & Flails
  1221 | D        | Found a glowing silver altar of Zin.
  1222 | D        | Found a glowing golden altar of the Shining One.
  1222 | D        | Found a white marble altar of Elyvilon.
  1222 | D        | Noticed a deep elf pyromancer
  1230 | D        | Noticed a fire elemental
  1231 | D        | Killed a deep elf pyromancer
  1231 | D        | Reached *** piety under Yredelemnul
  1232 | D        | Reached skill level 12 in Maces & Flails
  1232 | D        | Reached skill level 5 in Stealth
  1232 | D        | Reached XP level 7. HP: 56/74 MP: 6/6
  1313 | D        | Found a hide-covered altar of Uskayaw.
  1313 | D        | Found an iron altar of Okawaru.
  1314 | D        | Found a bloodstained altar of Trog.
  1314 | D        | Found an ornate altar of the Wu Jian Council.
  1314 | D        | Noticed a human
  1314 | D        | Noticed a human
  1318 | D        | Killed a human
  1319 | D        | Reached skill level 10 in Dodging
  1319 | D        | Reached skill level 1 in Invocations
  1319 | D        | Reached XP level 8. HP: 82/82 MP: 7/7
  1422 | D        | Found a blossoming altar of Fedhas.
  1422 | D        | Found a stormy altar of Qazlal.
  1422 | D        | Found a snail-covered altar of Cheibriados.
  1422 | D        | Found a burning altar of Makhleb.
  1422 | D        | Found a shimmering altar of Xom.
  1423 | D        | Found a hazy altar of Hepliaklqana.
  1423 | D        | Found an opulent altar of Gozag.
  1423 | D        | Found a sparkling altar of Nemelex Xobeh.
  1423 | D        | Found a corrupted altar of Lugonu.
  1423 | D        | Found a viscous altar of Jiyva.
  1436 | D        | Reached skill level 13 in Maces & Flails
  1597 | D        | Reached **** piety under Yredelemnul
  1604 | D        | Received a gift from Yredelemnul (a mummy)
  1874 | D        | Noticed a two-headed ogre
  1888 | D        | Killed a two-headed ogre
  1889 | D        | Reached skill level 14 in Maces & Flails
  1997 | D        | Noticed a two-headed ogre
  1997 | D        | Noticed Erolcha
  2010 | D        | Killed Erolcha
  2011 | D        | Received a gift from Yredelemnul (2 flying skulls)
  2011 | D        | Reached XP level 9. HP: 11/91 MP: 8/10
  2025 | D        | Killed a two-headed ogre
  2339 | D        | Received a gift from Yredelemnul (a wraith)
  2343 | D        | Reached ***** piety under Yredelemnul
  2344 | D        | Reached skill level 15 in Maces & Flails
  2543 | D        | Noticed a wandering mushroom
  2547 | D        | Noticed a wandering mushroom
  2549 | D        | Noticed a wandering mushroom
  2559 | D        | Reached skill level 5 in Armour
  2565 | D        | Killed a wandering mushroom
  2688 | D        | Noticed a queen bee
  2691 | D        | Received a gift from Yredelemnul (a mummy)
  2691 | D        | Received a gift from Yredelemnul (a mummy)
  2727 | D        | Received a gift from Yredelemnul (a vampire)
  2737 | D        | Reached ****** piety under Yredelemnul
  2766 | D        | Received a gift from Yredelemnul (a wight)
  2769 | D        | Killed a queen bee
  2788 | D        | HP: 3/93 [killer bee (8)]
  2788 | D        | Slain by a killer bee

Illustrated notes

Levels and vault maps discovered:
D:        dungeon_sprint_mu [sprint_mu_entry_cave, sprint_mu_temple_rooms,
          sprint_mu_d1_spiders, sprint_mu_d2_genie, sprint_mu_d3_branching,
          sprint_mu_orc_legion, sprint_mu_elf_gauntlet, sprint_mu_hive_nellie,
          sprint_mu_lair_fedhas, sprint_mu_vaults_butterflies,
          sprint_mu_slime_circle, sprint_mu_swamp_cave, sprint_mu_shoals_archi,
          sprint_mu_blade_basic, sprint_mu_crypt_fortress,
          sprint_mu_tomb_spiral, sprint_mu_vestibule_basic,
          sprint_mu_gehenna_hellfire, sprint_mu_dis_giant,
          sprint_mu_tartarus_statrot, sprint_mu_cocytus_islands, sprint_mu_zot1]

Skill      XL: |  1  2  3  4  5  6  7  8  9 |
---------------+----------------------------+-----
Fighting       | 5 6 8 9 11 12 13 | 13.2
Maces & Flails | 5 6 9 12 14 15 | 15.7
Dodging        | 4 5 7 9 10 | 10.9
Stealth        | 2 3 5 6 7 8 |  8.1
Invocations    | 1 3 4 |  4.7
Armour         | 3 7 |  7.4

Action                   |  1- 3 |  4- 6 |  7- 9 || total
-------------------------+-------+-------+-------++-------
Melee: Mace              |    24 |    46 |    99 ||   169
       Headbutt          |     5 |    13 |    17 ||    35
Invok: Animate Remains   |       |     1 |       ||     1
       Animate Dead      |       |       |    10 ||    10
  Use: Potion            |     1 |       |     4 ||     5
 Stab: Sleeping          |     1 |     3 |     2 ||     6
Armor: Robe              |     2 |     1 |       ||     3
       Scale mail        |       |       |     6 ||     6
Dodge: Dodged            |    20 |    14 |    52 ||    86

Table legend: (Time is in decaauts)
 A = Elapsed time spent in this place.
 B = Non-inter-level travel time spent in this place.
 C = Inter-level travel time spent in this place.
 D = Time resting spent in this place.
 E = Time spent auto-exploring this place.
 F = Levels seen in this place.
 G = Mean time per level.
                   A        B        C        D        E       F      G
               +--------+--------+--------+--------+--------+-----+--------+
         Total |   2773 |   2773 |      0 |   2049 |     83 |   1 | 2773.0 |
       Dungeon |   2773 |   2773 |      0 |   2049 |     83 |   1 | 2773.0 |
               +--------+--------+--------+--------+--------+-----+--------+

Top non-repeatable levels by time:
       D: 2773 daAuts
